Construct Section Command Post
Selects Heavy Armor Battlegroup
Construct Field Infirmary
Construct Platoon Command Post
Selects Rigorous Vehicle Training
Selects Light Vehicle Withdraw and Refit
6-pounder Anti-tank Gun Team
Construct Company Command Post
Selects Designate Targets
6-pounder Anti-tank Gun Team
6-pounder Anti-tank Gun Team
6-pounder Anti-tank Gun Team
Selects Forward Repair Assembly
6-pounder Anti-tank Gun Team
Selects Churchill Black Prince Heavy Tank
Churchill Black Prince Heavy Tank
Churchill Black Prince Heavy Tank